 Dungeon Crawl Stone Soup version 0.23-a0-473-gc8aadda (webtiles) character file.

38 CrossKnight the Bolt Thrower (level 3, 0/28 HPs)
             Began as a Demonspawn Hunter on Nov 27, 2018.
             Slain by a kobold
             ... wielding a +0 short sword
              (3 damage)
             ... on level 2 of the Dungeon.
             The game lasted 00:10:39 (1082 turns).

CrossKnight the Bolt Thrower (Demonspawn Hunter)    Turns: 1082, Time: 00:10:39

Health: 0/28       AC:  8    Str: 12    XL:     3   Next: 25%
Magic:  3/3        EV:  5    Int: 12    God:
Gold:   55         SH:  0    Dex: 14    Spells: 2/2 levels left

rFire    . . .     SeeInvis .   b - +0 short sword
rCold    . . .     Gourm    .   (no shield)
rNeg     . . .     Faith    .   e - +0 chain mail
rPois    .         Spirit   .   (no helmet)
rElec    .         Reflect  .   (no cloak)
rCorr    .         Harm     .   (no gloves)
MR       .....                  (no boots)
Stlth    ..........             (no amulet)
HPRegen  0.09/turn              (no ring)
MPRegen  0.08/turn              (no ring)

@: no status effects
A: powered by death 1
a: no special abilities


You were on level 2 of the Dungeon.
You were hungry.

You visited 1 branch of the dungeon, and saw 2 of its levels.

You collected 55 gold pieces.

Inventory:

Hand Weapons
 a - a +1 hand crossbow
 b - a +0 short sword (weapon)
Missiles
 d - 14 bolts
Armour
 c - a +0 leather armour
 e - a +0 chain mail (worn)
Scrolls
 g - a scroll of identify {unknown}
 h - a scroll of teleportation {unknown}
 i - a scroll of enchant armour {unknown}
 k - a scroll of remove curse {unknown}
 l - a scroll of magic mapping {unknown}
Potions
 j - 2 potions of cancellation {unknown}
Comestibles
 f - 2 rations


   Skills:
 + Level 2.6 Fighting
 + Level 0.6 Short Blades
 + Level 4.0 Crossbows
 + Level 0.2 Armour
 + Level 2.1 Dodging
 + Level 0.8 Stealth


You had 2 spell levels left.
You didn't know any spells.
Your spell library was empty.

Dungeon Overview and Level Annotations

Branches:
Dungeon (2/15)

Altars:


Innate Abilities, Weirdness & Mutations

You regenerate a little health from kills.


Message History

The leopard gecko bites you but does no damage.
The kobold hits you but does no damage.
You miss the leopard gecko.
The leopard gecko bites you but does no damage.
The kobold barely misses you.
You hit the leopard gecko.
The leopard gecko is almost dead.
The leopard gecko bites you but does no damage.
The kobold hits you but does no damage.
The leopard gecko completely misses you.
You hit the leopard gecko but do no damage.
The leopard gecko is almost dead.
The leopard gecko bites you.
* * * LOW HITPOINT WARNING * * *
The kobold hits you but does no damage.
You completely miss the leopard gecko.
The leopard gecko is almost dead.
The leopard gecko barely misses you.
The kobold hits you with a +0 short sword.
You die...

####### ###
##...%(##...
##...........
#............
#............
#...lK.......
#...@<.......
#............
#............
##...........
##.>...##...
####### ##


You could see a leopard gecko and a kobold.

Vanquished Creatures
  2 dart slugs (D:1)
  3 leopard geckos
  A ball python (D:1)
  2 giant cockroaches
  3 goblins (D:1)
  5 hobgoblins (D:1)
  2 kobolds (D:1)
  6 bats (D:1)
  2 frilled lizards (D:1)
  3 rats (D:1)
29 creatures vanquished.

Notes
Turn   | Place    | Note
-------+----------+-------------------------------------------
     0 | D:1      | CrossKnight the Demonspawn Hunter began the quest for the
                  | Orb.
     0 | D:1      | Reached XP level 1. HP: 16/16 MP: 1/1
     6 | D:1      | Noticed a basilisk
     6 | D:1      | Noticed a worker ant
    37 | D:1      | Noticed a yaktaur
   198 | D:1      | Gained mutation: You regenerate a little health from kills.
                  | [demonic ancestry]
   198 | D:1      | Reached XP level 2. HP: 17/22 MP: 2/2
   474 | D:1      | Reached skill level 4 in Crossbows
   620 | D:1      | Reached XP level 3. HP: 28/28 MP: 3/3
  1082 | D:2      | Slain by a kobold

Vault maps used:
D:1:      onia_arrival_zoo_common
D:2:      overflow_temple_1_default, hangedman_decor_growths, kennysheep_boxes,
          uniq_jessica

Skill      XL: |  1  2 |
---------------+-------+-----
Crossbows      | 4 |  4.0
Dodging        | 2 |  2.1
Fighting       | |  2.6
Short Blades   | |  0.6
Armour         | |  0.2
Stealth        | |  0.8

Action                   || total
-------------------------++-------
Melee: Short sword       ||   113
 Fire: Hand crossbow     ||    18
Armor: Chain mail        ||   120
       Leather armour    ||     6
Dodge: Dodged            ||    74

Table legend:
 A = Non-vault XP
 B = Vault XP
 C = Vault XP percentage of total XP
 D = Non-vault monster count
 E = Vault monster count
 F = Vault count percentage of total count
                 A         B        C        D         E       F
            +---------+---------+-------+---------+---------+-------
      Total |      55 |       0 |   0.0 |      29 |       0 |   0.0
            +---------+---------+-------+---------+---------+-------
        D:1 |      50 |       0 |   0.0 |      27 |       0 |   0.0
        D:2 |       5 |       0 |   0.0 |       2 |       0 |   0.0
            +---------+---------+-------+---------+---------+-------
